 Dungeon Crawl Stone Soup version 0.29-a0-275-g389c0b56f3 (webtiles) character file.

Game seed: 9073815828186819963

84 epen the Archer (level 4, -19/38 HPs)
             Began as a Gnoll Hunter on Mar 12, 2022.
             Killed by an exploding endoplasm (38 damage)
             ... ignited by their inner flame
             ... on level 3 of the Dungeon.
             The game lasted 00:01:57 (1311 turns).

epen the Archer (Gnoll Hunter)                      Turns: 1311, Time: 00:01:58

Health: -19/38     AC:  5    Str: 11    XL:     4   Next: 45%
Magic:  5/5        EV: 13    Int: 11    God:
Gold:   154        SH:  0    Dex: 14    Spells: 5/5 levels left

rFire   . . .      SeeInvis .   a - +1 shortbow
rCold   . . .      Faith    .   (shield currently unavailable)
rNeg    . . .      Spirit   .   o - +3 robe "Soxzichy" {Stlth+}
rPois   .          Reflect  .   (no helmet)
rElec   .          Harm     .   (no cloak)
rCorr   .          Rampage  .   (no gloves)
Will    .....                   (no boots)
Stlth   +++.......              (no amulet)
HPRegen 0.12/turn               (no ring)
MPRegen 0.09/turn               (no ring)

@: no status effects
A: fangs 1, strong nose, distributed training
a: no special abilities


You were on level 3 of the Dungeon.
You visited 1 branch of the dungeon, and saw 3 of its levels.

You collected 154 gold pieces.

Inventory:

Hand Weapons
 a - a +1 shortbow (weapon)
Armour
 b - a +0 leather armour
 d - a +0 ring mail
 o - the +3 robe "Soxzichy" (worn) {Stlth+}
   (You found it on level 2 of the Dungeon)

   Stlth:     It makes you more stealthy.
Jewellery
 g - a ring of positive energy
Scrolls
 c - a scroll of immolation
 e - a scroll of enchant weapon {unknown}
 h - a scroll of enchant armour {unknown}
 i - a scroll of summoning {unknown}
 j - a scroll of vulnerability {unknown}
 l - 3 scrolls of identify {unknown}
 n - 2 scrolls of teleportation {unknown}
 r - a scroll of fog {unknown}
Potions
 f - a potion of heal wounds {unknown}
 k - a potion of attraction {unknown}
 m - a potion of curing {unknown}
 p - a potion of mutation {unknown}
 q - a potion of brilliance {unknown}


   Skills:
 + Level 4.6 Fighting
 + Level 1.1 Short Blades
 + Level 1.1 Long Blades
 + Level 1.1 Axes
 + Level 1.1 Maces & Flails
 + Level 1.1 Polearms
 + Level 1.1 Staves
 + Level 1.1 Slings
 + Level 8.5 Bows
 + Level 1.1 Crossbows
 + Level 1.1 Throwing
 + Level 1.1 Armour
 + Level 4.6 Dodging
 + Level 2.5 Stealth
 + Level 1.1 Shields
 + Level 1.1 Unarmed Combat
 + Level 1.1 Spellcasting
 + Level 0.9 Conjurations
 + Level 0.9 Hexes
 + Level 0.9 Summonings
 + Level 0.9 Necromancy
 + Level 0.9 Translocations
 + Level 0.9 Transmutations
 + Level 0.9 Fire Magic
 + Level 0.9 Ice Magic
 + Level 0.9 Air Magic
 + Level 0.9 Earth Magic
 + Level 0.9 Poison Magic
 + Level 1.2 Invocations
 + Level 1.1 Evocations


You had 5 spell levels left.
You didn't know any spells.
Your spell library contained the following spells:

 Spells                   Type           Power      Damage    Failure   Level
 Beastly Appendage        Tmut           4%         N/A       22%         1
 Wereblood                Tmut           2%         N/A       32%         2
 Spider Form              Tmut/Pois      2%         N/A       54%         3
 Freezing Cloud           Conj/Ice/Air   1%         6-21      99%         5
 Simulacrum               Ice/Necr       1%         N/A       100%        6
 Polar Vortex             Ice            1%         N/A       100%        9


Dungeon Overview and Level Annotations

Branches:
Dungeon (3/15)

Altars:
Qazlal


Innate Abilities, Weirdness & Mutations

You have very sharp teeth.
Your uncanny sense of smell can sniff out nearby items.
Your experience applies equally to all skills.


Message History

The jelly hits you but does no damage.
The endoplasm hits the toadstool.
Something hits the toadstool but does no damage.
Something hits the toadstool.
The toadstool is destroyed!
The jelly hits the fungus.
The fungus is splashed with acid!
The acid corrodes the fungus!
You shoot an arrow. The arrow hits the jelly!
You kill the jelly!
An endoplasm comes into view. x2
You have reached level 4!
You feel clever.
Okay, then.
You shoot an arrow. The arrow hits the endoplasm.
The endoplasm is moderately wounded.
A nearby fungus withers and dies.
Something hits the toadstool.
The toadstool is destroyed!
The endoplasm freezes you.
You are frozen.
The endoplasm freezes you.
You are frozen.
Really read the scroll of immolation? [Y]es or [N]o only, please.
Really read the scroll of immolation?
As you read the scroll of immolation, it crumbles to dust.
The creatures around you are filled with an inner flame!
The endoplasm hits you but does no damage.
You are too injured to fight recklessly!
You are too injured to fight recklessly!
You are too injured to fight recklessly!
Shoot: a) +1 shortbow
Press: ? - help, Shift-Dir - straight line, f/p - endoplasm
Aim: an endoplasm (moderately wounded, inner flame, 88% to hit)
You shoot an arrow. The arrow hits the endoplasm.
The endoplasm explodes!
You feel a bit more experienced.
The fiery explosion engulfs the endoplasm!!
The fiery explosion engulfs the jelly!!!
The fiery explosion engulfs you!!!
Ouch! That really hurt!
You die...

#...# ### #...### ∆
##.####### #......
#.#.#....###...###
∆#.#.#.....##...#
#.#'#....)))...# ∆
#.#........'...#
#.#......))'...#
#@#.......##......
..P.J§§##......###..####
....J§# ######## #.##
###### ..# .##


You could see 2 endoplasms.

Vanquished Creatures
  2 jellies (D:3)
  A worm (D:2)
  2 dart slugs (D:1)
  5 endoplasms
  A giant cockroach (D:1)
  4 goblins
  6 hobgoblins
  2 jackals (D:2)
  9 kobolds
  A quokka (D:2)
  A ball python (D:1)
  6 bats
  4 frilled lizards
  7 rats
51 creatures vanquished.

Vanquished Creatures (others)
  A fungus (D:3)
  3 toadstools (D:3)
4 creatures vanquished.

Grand Total: 55 creatures vanquished

Notes
Turn   | Place    | Note
-------+----------+-------------------------------------------
     0 | D:1      | epen the Gnoll Hunter began the quest for the Orb.
     0 | D:1      | Reached XP level 1. HP: 20/20 MP: 1/1
    34 | D:1      | Reached XP level 2. HP: 26/26 MP: 2/2
   327 | D:1      | Reached XP level 3. HP: 31/31 MP: 3/3
   654 | D:2      | Found a stormy altar of Qazlal.
   923 | D:2      | Reached skill level 1 in Invocations
   967 | D:2      | Identified the +3 robe "Soxzichy" {Stlth+}
  1276 | D:3      | Reached skill level 1 in Short Blades
  1276 | D:3      | Reached skill level 1 in Long Blades
  1276 | D:3      | Reached skill level 1 in Axes
  1276 | D:3      | Reached skill level 1 in Maces & Flails
  1276 | D:3      | Reached skill level 1 in Polearms
  1276 | D:3      | Reached skill level 1 in Staves
  1276 | D:3      | Reached skill level 1 in Slings
  1276 | D:3      | Reached skill level 1 in Crossbows
  1276 | D:3      | Reached skill level 1 in Throwing
  1276 | D:3      | Reached skill level 1 in Armour
  1276 | D:3      | Reached skill level 1 in Shields
  1276 | D:3      | Reached skill level 1 in Unarmed Combat
  1276 | D:3      | Reached skill level 1 in Spellcasting
  1276 | D:3      | Reached skill level 1 in Evocations
  1309 | D:3      | Reached XP level 4. HP: 27/38 MP: 5/5
  1311 | D:3      | Killed by an exploding endoplasm... ignited by their inner
                  | flame

Illustrated notes

Levels and vault maps discovered:
D:1:      sevenhm_arrival_forest_fort_large_4, layout_basic
D:2:      layout_loops_ring, basic_altar, st_stairs_7
D:3:      cheibrodos_fertilizer, layout_basic,
          nicolae_concentric_dashed_squares_wild

Skill      XL: |  1  2  3 |
---------------+----------+-----
Invocations    | 1 |  1.2
Short Blades   | 1 |  1.1
Long Blades    | 1 |  1.1
Axes           | 1 |  1.1
Maces & Flails | 1 |  1.1
Polearms       | 1 |  1.1
Staves         | 1 |  1.1
Slings         | 1 |  1.1
Crossbows      | 1 |  1.1
Throwing       | 1 |  1.1
Armour         | 1 |  1.1
Shields        | 1 |  1.1
Unarmed Combat | 1 |  1.1
Spellcasting   | 1 |  1.1
Evocations     | 1 |  1.1
Fighting       | |  4.6
Bows           | |  8.5
Dodging        | |  4.6
Stealth        | |  2.5
Conjurations   | |  0.9
Hexes          | |  0.9
Summonings     | |  0.9
Necromancy     | |  0.9
Translocations | |  0.9
Transmutations | |  0.9
Fire Magic     | |  0.9
Ice Magic      | |  0.9
Air Magic      | |  0.9
Earth Magic    | |  0.9
Poison Magic   | |  0.9

Action                   |  1- 3 |  4- 6 || total
-------------------------+-------+-------++-------
 Fire: Shortbow          |    98 |     2 ||   100
  Use: Scroll            |       |     1 ||     1
Armor: Leather armour    |     2 |       ||     2
       Ring mail         |     6 |       ||     6
       Robe              |     4 |     1 ||     5
Dodge: Dodged            |    15 |       ||    15

Table legend: (Time is in decaauts)
 A = Elapsed time spent in this place.
 B = Non-inter-level travel time spent in this place.
 C = Inter-level travel time spent in this place.
 D = Time resting spent in this place.
 E = Time spent auto-exploring this place.
 F = Levels seen in this place.
 G = Mean time per level.
                   A        B        C        D        E       F      G
               +--------+--------+--------+--------+--------+-----+--------+
         Total |   1325 |   1253 |     72 |      0 |   1002 |   3 |  441.7 |
       Dungeon |   1325 |   1253 |     72 |      0 |   1002 |   3 |  441.7 |
               +--------+--------+--------+--------+--------+-----+--------+

Top non-repeatable levels by time:
     D:1: 650 daAuts
     D:2: 602 daAuts
     D:3: 73 daAuts
